 Dungeon Crawl Stone Soup version 0.17-a0-1150-g17b0b87 (webtiles) character file.

237 Fluffy the Skirmisher (level 5, 0/43 HPs)
             Began as a Demonspawn Gladiator on May 27, 2015.
             Slain by a gnoll
             ... wielding a +0 spear
              (6 damage)
             ... on level 2 of the Dungeon.
             The game lasted 00:02:58 (1423 turns).

Fluffy the Skirmisher (Demonspawn Gladiator)        Turns: 1423, Time: 00:02:59

Health: 0/43       AC:  4    Str: 17    XL:     5   Next: 77%
Magic:  5/5        EV: 12    Int:  9    God:
Gold:   63         SH:  0    Dex: 13    Spells: 0 memorised, 4 levels left

rFire  + . .     SeeInvis .     a - +0 long sword
rCold  . . .     Clarity  .     b - +0 leather armour
rNeg   . . .     SustAt   .     (no shield)
rPois  .         Gourm    .     (helmet restricted)
rElec  .         Spirit   .     (no cloak)
rCorr  .         Warding  .     j - +0 pair of gloves
rMut   .         Stasis   .     (no boots)
MR     .....                    (no amulet)
Stlth  +.........               (no ring)
                                (no ring)

@: not resistant to hostile enchantments, very unstealthy
A: antennae 1, fire resistance 1
a: no special abilities


You were on level 2 of the Dungeon.
You were not hungry.

You visited 1 branch of the dungeon, and saw 2 of its levels.

You collected 63 gold pieces.

Inventory:

Hand weapons
 a - a +0 long sword (weapon)
Missiles
 d - 3 throwing nets (quivered)
Armour
 b - a +0 leather armour (worn)
 j - a +0 pair of gloves (worn)
Magical devices
 k - a wand of magic darts (4)
Scrolls
 h - 4 scrolls of identify
Potions
 i - 2 potions of curing
 l - a potion of heal wounds
Comestibles
 c - 2 chunks of flesh
 e - a bread ration
 f - 2 meat rations
 g - a slice of pizza


   Skills:
 + Level 4.6 Fighting
 + Level 4.5 Long Blades
 - Level 1.7 Throwing
 - Level 2.6 Dodging


You had 4 spell levels left.
You didn't know any spells.

Dungeon Overview and Level Annotations

Branches:
Dungeon (2/15)

Altars:


Innate Abilities, Weirdness & Mutations

You have a pair of small antennae on your head.
Your flesh is heat resistant.


Message History

You closely miss the gnoll.
The gnoll is severely wounded.
The gnoll hits you from afar with a spear.
* * * LOW HITPOINT WARNING * * *
The gnoll misses you.
You slash the gnoll!
You kill the gnoll!
The gnoll hits you from afar with a spear.
* * * LOW HITPOINT WARNING * * *
The gnoll misses you.
You see here a rat corpse.
Evoke which item? (* to show all) (? for menu, Esc to quit)
Zapping:
k - a wand of magic darts {zapped: 22} (will waste charges)
Press: ? - help, Shift-Dir - straight line, f - gnoll
Aim: a gnoll, wielding a spear The magic dart hits the gnoll.
The gnoll is moderately wounded.
Evoking this partially-identified wand wasted a few charges.
The gnoll hits you from afar with a spear.
You die...

## #####
.s.g....######
####
.....##......#
##...#
#.%........###@#
#..##......gg..#
... #......###.#
...#.##......#
##..
...........###
..# .. ..####>##
.... .# # #.#
.###. .# #.# .#
# .# ##'## .#


You could see 2 gnolls.

Vanquished Creatures
  Sigmund (D:2)
  2 gnolls (D:2)
  4 adders (D:2)
  A ball python (D:1)
  5 hobgoblins
  A bat (D:2)
  2 giant cockroaches (D:1)
  A giant gecko (D:1)
  2 goblins (D:1)
  6 kobolds
  10 rats
35 creatures vanquished.

Notes
Turn   | Place    | Note
--------------------------------------------------------------
     0 | D:1      | Fluffy the Demonspawn Gladiator began the quest for the Orb.
     0 | D:1      | Reached XP level 1. HP: 16/16 MP: 1/1
   214 | D:1      | Reached skill level 3 in Long Blades
   261 | D:1      | Gained mutation: Your flesh is heat resistant. [demonic ancestry]
   261 | D:1      | Reached XP level 2. HP: 23/23 MP: 2/2
   922 | D:2      | Gained mutation: You have a pair of small antennae on your head. [demonic ancestry]
   922 | D:2      | Reached XP level 3. HP: 28/28 MP: 3/3
  1166 | D:2      | Noticed Sigmund
  1179 | D:2      | HP: 1/29 [poisoned by an adder]
  1193 | D:2      | Killed Sigmund
  1193 | D:2      | Reached skill level 4 in Fighting
  1193 | D:2      | Reached XP level 4. HP: 30/38 MP: 4/4
  1193 | D:2      | Reached XP level 5. HP: 33/43 MP: 5/5
  1423 | D:2      | Slain by a gnoll

Vault maps used:
D:1:      dpeg_arrival_tiny_g
D:2:      uniq_sigmund

Action                   |  1- 3 |  4- 6 || total
-------------------------+-------+-------++-------
Melee: Long sword        |    72 |    19 ||    91
Evoke: Wand              |     8 |     1 ||     9
  Use: Potion            |     2 |       ||     2
       Scroll            |     1 |       ||     1
  Eat: Chunk             |     1 |     1 ||     2
